 Dungeon Crawl Stone Soup version 0.31-a0-803-g95b03c3367 (webtiles) character file.

Game seed: 13784541252280751977

49 Newt the Trooper (level 4, 0/29 HPs)
             Began as a Kobold Hexslinger on Sept 20, 2023.
             Slain by an adder (6 damage)
             ... on level 2 of the Dungeon.
             The game lasted 00:01:50 (1197 turns).

Newt the Trooper (Kobold Hexslinger)                Turns: 1197, Time: 00:01:50

Health: 0/29       AC:  3    Str:  5    XL:     4   Next: 1%
Magic:  5/5        EV: 15    Int: 14    God:
Gold:   67         SH:  0    Dex: 19    Spells: 3/5 levels left

rFire   . . .        a - +1 sling
rCold   . . .        h - orb {mayhem}
rNeg    . . .        c - +0 robe
rPois   .            (no helmet)
rElec   .            g - +0 cloak
rCorr   .            (no gloves)
SInv    .            (no boots)
Will    .....        (no amulet)
Stlth   +++          (no ring)
HPRegen 0.24/turn    (no ring)
MPRegen 0.09/turn

%: mayhem
@: brilliant, attractive
A: small, no large weapons, nightstalker 3
a: no special abilities


You were on level 2 of the Dungeon.
You visited 1 branch of the dungeon, and saw 2 of its levels.

You collected 67 gold pieces.

Inventory:

Hand Weapons
 a - a +1 sling (weapon)
Armour
 c - a +0 robe (worn)
 g - a +0 cloak (worn)
 h - an orb of mayhem (worn)
Jewellery
 e - a ring of ice
Scrolls
 b - a scroll of poison
 f - a scroll of identify {unknown}
 k - a scroll of noise {unknown}
 l - 2 scrolls of silence {unknown}


   Skills:
 + Level 3.9 Fighting
 - Level 2.6 Ranged Weapons
 - Level 2.4 Dodging
 - Level 1.1 Spellcasting
 - Level 3.0 Hexes
 - Level 1.0 Fire Magic


You had 3 spell levels left.
You knew the following spells:

 Your Spells              Type           Power      Damage    Failure   Level
a - Jinxbite              Hex            26%        N/A       12%         2

Your spell library contained the following spells:

 Spells                   Type           Power      Damage    Failure   Level
 Sigil of Binding         Hex            13%        N/A       22%         3
 Inner Flame              Hex/Fire       9%         N/A       34%         3
 Ozocubu's Armour         Ice            1%         N/A       61%         3
 Cause Fear               Hex            6%         N/A       58%         4
 Dimensional Bullseye     Hex/Tloc       3%         N/A       80%         4
 Ozocubu's Refrigeration  Ice            0%         4d7       100%        7


Dungeon Overview and Level Annotations

Branches:
Dungeon (2/15)

Altars:

Shops:
D:2 =


Innate Abilities, Weirdness & Mutations

You are small and have problems with some larger weapons.
You are completely attuned to the shadows.


Message History

You feel very sick. The adder bites you.
* * * LOW HITPOINT WARNING * * *
The adder bites you.
* * * LOW HITPOINT WARNING * * *
Unknown command.
It was a potion of attraction.
You feel attractive to monsters.
* * * LOW HITPOINT WARNING * * *
You feel sick. The adder barely misses you. The adder misses you.
It was a potion of brilliance.
You feel clever all of a sudden.
* * * LOW HITPOINT WARNING * * *
You feel sick. The adder closely misses you. x2
It was a potion of curing.
You feel better. The adder closely misses you. x2
Unknown command.
You shoot a sling bullet.
The sling bullet hits the adder but does no damage.
The adder is severely wounded.
The adder bites you.
* * * LOW HITPOINT WARNING * * *
The adder closely misses you.
Unknown command.
You shoot a sling bullet.
The sling bullet closely misses the adder.
The adder closely misses you. x2
Unknown command.
Unknown command.
Okay, then.
You shoot a sling bullet.
The sling bullet closely misses the adder.
The adder closely misses you. The adder barely misses you.
The adder bites you but does no damage.
You shoot a sling bullet. The sling bullet hits the adder.
The adder is almost dead.
The adder barely misses you. The adder misses you.
You shoot a sling bullet.
The sling bullet closely misses the adder.
The adder bites you.
You die...

.... ##.##
.... #.#
...# #(#
...# #.#
##.# #.# .
#.# .. #.#
...#######.#
...S@......#
...#########
.#


You could see a neutral adder (fast, strong, frenzied).

Vanquished Creatures
  A worm (D:2)
  A dart slug (D:1)
  3 endoplasms
  A giant cockroach (D:1)
  6 goblins
  5 hobgoblins
  3 jackals (D:1)
  A kobold (D:2)
  5 ball pythons
  9 bats
  2 frilled lizards (D:1)
  2 rats (D:1)
39 creatures vanquished.

Notes
Turn   | Place    | Note
-------+----------+-------------------------------------------
     0 | D:1      | Newt the Kobold Hexslinger began the quest for the Orb.
     0 | D:1      | Reached XP level 1. HP: 12/12 MP: 2/2
   155 | D:1      | Reached XP level 2. HP: 17/17 MP: 3/3
   161 | D:1      | Learned a level 2 spell: Jinxbite
   467 | D:1      | Reached XP level 3. HP: 23/23 MP: 1/4
   981 | D:2      | Found Gufeblul's Jewellery Emporium.
  1184 | D:2      | Reached XP level 4. HP: 29/29 MP: 5/5
  1191 | D:2      | HP: 1/29 [poisoned by an adder]
  1197 | D:2      | Slain by an adder

Illustrated notes

Levels and vault maps discovered:
D:1:      dpeg_arrival_arbitrary_b, layout_loops_ring, hangedman_decor_growths
D:2:      layout_loops_ring, hellmonk_ecumenical_altar_inner_sanctum,
          serial_shops, shop, uniq_sigmund

Skill      XL: |  1  2 |
---------------+-------+-----
Fighting       | 2 3 |  3.9
Ranged Weapons | |  2.6
Dodging        | |  2.4
Spellcasting   | |  1.1
Hexes          | |  3.0
Fire Magic     | |  1.0

Action                     |  1- 3 |  4- 6 || total
---------------------------+-------+-------++-------
   Fire: Sling             |    94 |    11 ||   105
   Cast: Jinxbite          |     8 |       ||     8
    Use: Potion            |       |     3 ||     3
 Armour: Robe              |    19 |    11 ||    30
  Dodge: Dodged            |    38 |    19 ||    57

Table legend: (Time is in decaauts)
 A = Elapsed time spent in this place.
 B = Non-inter-level travel time spent in this place.
 C = Inter-level travel time spent in this place.
 D = Time resting spent in this place.
 E = Time spent auto-exploring this place.
 F = Levels seen in this place.
 G = Mean time per level.
                   A        B        C        D        E       F      G
               +--------+--------+--------+--------+--------+-----+--------+
         Total |   1224 |   1197 |     27 |      0 |    977 |   2 |  612.0 |
       Dungeon |   1224 |   1197 |     27 |      0 |    977 |   2 |  612.0 |
               +--------+--------+--------+--------+--------+-----+--------+

Top non-repeatable levels by time:
     D:1: 857 daAuts
     D:2: 366 daAuts
